 Dungeon Crawl Stone Soup version 0.27.1-33-g824d729ab1 (webtiles) character file.

Game seed: 6477647006630793986

3167 BaruZool the Fighter (level 9, 0/62 HPs)
             Began as a Gargoyle Fighter on Nov 27, 2021.
             Was a Priest of Okawaru.
             Slain by a two-headed ogre (5 damage)
             ... on level 9 of the Dungeon on Dec 6, 2021.
             The game lasted 00:52:50 (8245 turns).

BaruZool the Fighter (Gargoyle Fighter)             Turns: 8245, Time: 00:52:52

Health: 0/62       AC: 19    Str: 28    XL:     9   Next: 94%
Magic:  7/9        EV: 10    Int: 10    God:    Okawaru [***...]
Gold:   436        SH: 12    Dex:  9    Spells: 8/8 levels left

rFire    . . .     SeeInvis .   a - +0 flail (drain)
rCold    . . .     Faith    .   c - +0 kite shield
rNeg     + . .     Spirit   .   b - +0 scale mail
rPois    ∞         Reflect  .   (no helmet)
rElec    +         Harm     .   C - scarf {repulsion}
rCorr    .         Rampage  .   (no gloves)
Will     .....                  (no boots)
Stlth    +.........             D - amulet of regeneration
HPRegen  1.20/turn              x - +4 ring of protection
MPRegen  0.11/turn              B - +6 ring of strength

@: heroic, repel missiles
A: sickness immunity, AC +6, negative energy resistance 1, electricity
resistance, torment resistance 1, petrification resistance
a: Renounce Religion, Heroism


You were on level 9 of the Dungeon.
You worshipped Okawaru.
Okawaru was most pleased with you.
You visited 2 branches of the dungeon, and saw 10 of its levels.

You collected 436 gold pieces.

Inventory:

Hand Weapons
 a - a +0 flail of draining (weapon)
 G - a +1 whip of freezing
Armour
 b - a +0 scale mail (worn)
 c - a +0 kite shield (worn)
 C - a scarf of repulsion (worn)
Magical Staves
 y - a staff of fire
Jewellery
 e - an amulet of reflection
 s - a ring of see invisible
 v - a ring of protection from cold
 x - a +4 ring of protection (left hand)
 B - a +6 ring of strength (right hand)
 D - an amulet of regeneration (around neck)
 H - a ring of wizardry
 I - a ring of willpower
 J - a ring of flight
Wands
 l - a wand of iceblast (11)
 m - a wand of digging (7)
 p - a wand of flame (13)
 F - a wand of mindburst (18)
Scrolls
 g - 2 scrolls of enchant armour
 h - 2 scrolls of acquirement
 k - a scroll of immolation {unknown}
 q - a scroll of brand weapon
 r - 2 scrolls of fear {unknown}
 t - a scroll of blinking {unknown}
 u - a scroll of vulnerability {unknown}
 w - a scroll of torment {unknown}
 z - 2 scrolls of teleportation
 E - a scroll of amnesia {unknown}
Potions
 d - a potion of might
 f - a potion of curing
 i - 2 potions of lignification
 j - a potion of attraction
 n - a potion of magic
 o - 2 potions of heal wounds
 A - a potion of ambrosia {unknown}


   Skills:
 * Level 9.7(14.7) Fighting
 * Level 8.8(13.8) Maces & Flails
 + Level 7.4(12.4) Armour
 - Level 0.5(5.5) Dodging
 - Level 0.1(5.1) Stealth
 - Level 4.0(9.0) Shields


You had 8 spell levels left.
You didn't know any spells.
Your spell library contained the following spells:

 Spells                   Type           Power      Damage    Failure   Level
 Magic Dart               Conj           0%         1d3       83%         1
 Summon Small Mammal      Summ           0%         N/A       83%         1
 Searing Ray              Conj           0%         3d3       92%         2
 Call Canine Familiar     Summ           0%         N/A       99%         3
 Stone Arrow              Conj/Erth      0%         3d7       99%         3
 Summon Guardian Golem    Hex/Summ       0%         N/A       99%         3
 Animate Armour           Summ/Erth      0%         N/A       100%        4
 Fulminant Prism          Conj/Hex       0%         3d6       100%        4
 Lehudib's Crystal Spear  Conj/Erth      0%         10d2      100%        8


Dungeon Overview and Level Annotations

Branches:
Dungeon (9/15)             Temple (1/1) D:6
   Lair: D:8-11         Orc: D:9-12

Altars:
Ashenzari
Hepliaklqana
Okawaru
Wu Jian
Yredelemnul
The Shining One

Shops:
D:1 ?

Annotations:
D:8 Psyche


Innate Abilities, Weirdness & Mutations

You are immune to sickness and miasma.
Your stone body is resilient. (AC +6)
You are immune to poison.
You resist negative energy. (rN+)
You are resistant to electric shocks. (rElec)
You are resistant to unholy torment.
You are immune to petrification.


Message History

You miss the orc warrior.
The orc warrior is lightly wounded.
The two-headed ogre hits you with a +0 giant club.
The two-headed ogre barely misses you. Something hits you.
The orc warrior hits you with a +0 trident.
The centaur unwields a +0 shortbow.
The centaur hits you but does no damage.
The centaur barely misses you. The orc hits you but does no damage.
You miss something. The centaur hits you. The centaur closely misses you.
The two-headed ogre hits you with a +0 giant club!
The two-headed ogre hits you with a +0 dire flail.
Something hits you but does no damage. The orc warrior closely misses you.
The orc hits you but does no damage.
You bump into the rock wall.
You feel less confused. You block the centaur's attack.
The centaur kicks you but does no damage.
Something hits you but does no damage. You block the orc's attack.
You block the orc warrior's attack.
The two-headed ogre hits you with a +0 giant club!
* * * LOW HITPOINT WARNING * * *
The two-headed ogre barely misses you.
The centaur hits you but does no damage.
The centaur kicks you but does no damage.
You gain the combat prowess of a mighty hero.
The centaur hits you.
* * * LOW HITPOINT WARNING * * *
The centaur kicks you but does no damage.
You hear some strange, mumbled words.
A magic dart appears from out of thin air!
The magic dart hits you.
* * * LOW HITPOINT WARNING * * *
You block the orc warrior's attack. The orc hits you but does no damage.
You hit the two-headed ogre. You drain the two-headed ogre.
The two-headed ogre is lightly wounded.
You block the centaur's attack. x2
The two-headed ogre hits you with a +0 giant club.
* * * LOW HITPOINT WARNING * * *
The two-headed ogre hits you with a +0 dire flail.
You die...

...................#
.........(.........#
...................#
o.............<....#
...................#
...................#
...................#
.....?.........o{c.#
...............o@O.#
......############.#
...... ........#
...... .......c#
...... ..O.....#
...... ........#
...... ........#
........# ........#


You could see a two-headed ogre (drained), an orc warrior (drained), a centaur
and an orc.

Vanquished Creatures
  Pikel (D:7)
  3 hornets
  A steam dragon (D:7)
  2 water moccasins (D:7)
  2 hornet zombies (D:7)
  A necrophage (D:5)
  3 centaurs
  A phantom (D:5)
  Blork the orc (D:5)
  A bullfrog (D:7)
  2 scorpions
  3 wyvern zombies (D:7)
  A howler monkey (D:8)
  2 centaur zombies (D:7)
  2 hounds
  A jelly (D:7)
  An orc priest (D:6)
  A bullfrog skeleton (D:5)
  Jessica (D:3)
  Ijyb (D:3)
  An iguana (D:4)
  3 orc wizards
  A scorpion zombie (D:5)
  A killer bee zombie (D:7)
  3 hound skeletons
  A howler monkey skeleton (D:7)
  3 howler monkey zombies
  Robin (D:3)
  8 adders
  A gnoll (D:1)
  A white imp (D:7)
  A worm (D:4)
  A dart slug (D:1)
  27 orcs
  6 ball pythons
  9 endoplasms
  2 giant cockroaches (D:1)
  17 goblins
  11 hobgoblins
  5 jackals
  4 kobolds
  3 quokkas
  2 bats
  A frilled lizard (D:2)
  4 rats
148 creatures vanquished.

Vanquished Creatures (others)
  A kobold brigand (D:7)
  An orc wizard (D:9)
2 creatures vanquished.

Grand Total: 150 creatures vanquished

Notes
Turn   | Place    | Note
-------+----------+-------------------------------------------
     0 | D:1      | BaruZool the Gargoyle Fighter began the quest for the Orb.
     0 | D:1      | Reached XP level 1. HP: 14/14 MP: 1/1
   172 | D:1      | Reached XP level 2. HP: 19/19 MP: 2/2
   202 | D:1      | Found Ycvosil's Magic Scroll Emporium.
   501 | D:1      | Reached XP level 3. HP: 24/24 MP: 3/3
  1845 | D:3      | Found an ornate altar of the Wu Jian Council.
  1931 | D:3      | Noticed Jessica
  1940 | D:3      | Killed Jessica
  1941 | D:3      | Reached XP level 4. HP: 7/29 MP: 4/4
  1942 | D:3      | HP: 1/29 [frozen (4)]
  2006 | D:4      | Noticed a centaur
  2495 | D:3      | Reached skill level 4 in Fighting
  2509 | D:3      | Reached XP level 5. HP: 10/33 MP: 5/5
  2767 | D:3      | Noticed Ijyb
  2800 | D:3      | Killed Ijyb
  2922 | D:3      | Noticed Robin
  3270 | D:3      | Killed Robin
  3791 | D:4      | Killed a centaur
  3792 | D:4      | Reached XP level 6. HP: 26/40 MP: 6/6
  4244 | D:3      | Identified 4 scrolls of acquirement
  4244 | D:3      | Acquired an amulet of reflection
  4248 | D:3      | Acquired a +2 hat of willpower
  4424 | D:4      | Reached skill level 5 in Fighting
  4676 | D:4      | Found a glowing golden altar of the Shining One.
  4676 | D:4      | Found an iron altar of Okawaru.
  4676 | D:4      | Found a broken altar of Ashenzari.
  4694 | D:4      | Became a worshipper of Warmaster Okawaru
  4819 | D:5      | Entered Level 5 of the Dungeon
  4819 | D:5      | Noticed a necrophage
  4997 | D:5      | Reached XP level 7. HP: 33/44 MP: 7/7
  5102 | D:5      | Reached skill level 5 in Maces & Flails
  5188 | D:5      | Found a hazy altar of Hepliaklqana.
  5328 | D:5      | Reached skill level 6 in Fighting
  5328 | D:5      | Reached skill level 5 in Armour
  5640 | D:5      | Noticed Blork the orc
  5649 | D:5      | Killed Blork the orc
  5649 | D:5      | Reached * piety under Okawaru
  6022 | D:6      | Reached XP level 8. HP: 47/52 MP: 8/8
  6114 | D:6      | Found a staircase to the Ecumenical Temple.
  6153 | Temple   | Entered the Ecumenical Temple
  6807 | D:7      | Noticed a hornet
  6815 | D:7      | Killed a hornet
  6816 | D:7      | Reached skill level 7 in Fighting
  7151 | D:7      | Noticed a hornet
  7158 | D:7      | Killed a hornet
  7158 | D:7      | Reached ** piety under Okawaru
  7159 | D:7      | Reached skill level 8 in Fighting
  7159 | D:7      | Reached XP level 9. HP: 49/59 MP: 9/9
  7526 | D:7      | Found a basalt altar of Yredelemnul.
  7815 | D:8      | Reached skill level 9 in Fighting
  7851 | D:8      | Noticed Pikel
  7870 | D:7      | Killed Pikel
  7870 | D:7      | Reached *** piety under Okawaru
  7931 | D:8      | Noticed a hornet
  7936 | D:8      | Killed a hornet
  8168 | D:8      | Noticed Psyche
  8231 | D:9      | Noticed a two-headed ogre
  8245 | D:9      | Slain by a two-headed ogre

Illustrated notes

Levels and vault maps discovered:
D:1:      amcnicky_arrival_blooded_trapdoor, layout_loops_corners, serial_shops,
          nicolae_lakefront_shop, minmay_statues_item
D:2:      layout_loops_cross
D:3:      layout_rooms, nzn_wu_jian_contemplation, uniq_robin, uniq_jessica,
          uniq_ijyb
D:4:      layout_cave_pools, gammafunk_temple_overflow_claw,
          serial_bayou_pond_a, mrwooster_statue_mirror
D:5:      layout_loops_corners, mainiacjoe_overflow_alcove_2, uniq_blork_the_orc
D:6:      layout_gridville, minmay_temple_entry_tees, serial_glass,
          glass_columns_a, glass_columns_a, feat_on_display,
          hangedman_abyss_or_decor_lesser_grid
D:7:      layout_basic, nicolae_yredelemnul_corpse_copse,
          minmay_fractal_squares_diagonal_5
D:8:      layout_loops_ring, nicolae_two_hexagons, uniq_psyche, uniq_grum,
          uniq_pikel
D:9:      layout_long_grid, grunt_temple_overflow_lords_of_destruction
Temple:   oiseaux_autumnal_temple

Skill      XL: |  1  2  3  4  5  6  7  8  9 |
---------------+----------------------------+-----
Maces & Flails | 3 4 5 7 8 |  8.8
Shields        | 4 |  4.0
Fighting       | 4 5 6 8 9 |  9.7
Armour         | 4 5 6 7 |  7.4
Dodging        | |  0.5
Stealth        | |  0.1

Action                   |  1- 3 |  4- 6 |  7- 9 || total
-------------------------+-------+-------+-------++-------
Melee: Flail             |    85 |   261 |   321 ||   667
Invok: Heroism           |       |       |     2 ||     2
  Use: Scroll            |       |     6 |     3 ||     9
       Potion            |       |     2 |       ||     2
Armor: Scale mail        |    40 |   237 |   205 ||   482
Dodge: Dodged            |    23 |   114 |   110 ||   247
Block: Kite shield       |    44 |   206 |   224 ||   474
       Reflection        |       |       |     3 ||     3
